 Dungeon Crawl Stone Soup version 0.20.1-1-g8b1a95d (webtiles) character file.

11 letownia2 the Grave Robber (level 2, -2/22 HPs)
             Began as a Deep Dwarf Necromancer on Nov 5, 2017.
             Slain by Fauxtato86's ghost (15 damage)
             ... on level 5 of the Dungeon.
             The game lasted 00:01:13 (455 turns).

letownia2 the Grave Robber (Deep Dwarf Necromancer)  Turns: 455, Time: 00:01:14

Health: -2/22      AC:  5    Str: 11    XL:     2   Next: 17%
Magic:  2/5        EV: 11    Int: 15    God:
Gold:   64         SH:  0    Dex: 13    Spells: 4/5 levels left

rFire    . . .     SeeInvis .   a - +0 dagger
rCold    . . .     Gourm    .   (no shield)
rNeg     . . .     Faith    .   d - +0 ring mail
rPois    .         Spirit   .   (no helmet)
rElec    .         Reflect  .   (no cloak)
rCorr    .         Harm     .   (no gloves)
MR       .....                  (no boots)
Stlth    +.........             (no amulet)
Regen    0.0/turn               (no ring)
MPRegen  0.1/turn               (no ring)

@: non-regenerating
A: damage resistance, heal wounds, sense surroundings 1, no regeneration
a: Heal Wounds


You were on level 5 of the Dungeon.
You were not hungry.

You visited 1 branch of the dungeon, and saw 5 of its levels.

You collected 64 gold pieces.

Inventory:

Hand Weapons
 a - a +0 dagger (weapon)
Missiles
 i - 2 exploding tomahawks (quivered)
Armour
 d - a +0 ring mail (worn)
 e - a +0 scale mail
 g - a +0 robe
Books
 b - a book of Necromancy

   Spells                             Type                      Level
   a - Pain                           Necromancy                   1
   b - Animate Skeleton               Necromancy                   1
   c - Vampiric Draining              Necromancy                   3
   d - Regeneration                   Charms/Necromancy            3
   e - Animate Dead                   Necromancy                   4
   f - Control Undead                 Necromancy                   4
Comestibles
 c - a bread ration
 f - a royal jelly
 h - 2 chunks of flesh


   Skills:
 - Level 2.1 Dodging
 - Level 2.4 Stealth
 - Level 2.1 Spellcasting
 + Level 4.7 Necromancy


You had 4 spell levels left.
You knew the following spells:

 Your Spells              Type           Power        Failure   Level  Hunger
a - Pain                  Necr           ###.         8%          1    #......


Dungeon Overview and Level Annotations

Branches:
Dungeon (4/15)
 Temple: D:4-7

Altars:
Uskayaw

Annotations:
D:5 Fauxtato86's ghost, novice TrBe


Innate Abilities, Weirdness & Mutations

You are resistant to damage.
You can heal yourself by infusing magical energy.
You passively map a small area around you.
You do not regenerate.


Message History

Fauxtato86's ghost hits you but does no damage.
The centaur hits you with a shortbow.
Unknown command.
Casting: Pain
Confirm with . or Enter, or press ? or * to list all spells.
Aiming: Pain
Press: ? - help, Shift-Dir - straight line, f/p - centaur
Aim: a centaur, wielding a shortbow (chance to defeat MR: 73%)
The centaur writhes in agony!
The centaur barely misses you. Fauxtato86's ghost barely misses you.
Unknown command.
Casting: Pain
Confirm with . or Enter, or press ? or * to list all spells.
Aiming: Pain
Press: ? - help, Shift-Dir - straight line, f/p - centaur
Aim: a centaur, wielding a shortbow (lightly wounded, chance to defeat MR: 73%)
The centaur writhes in agony!
The centaur closely misses you. Fauxtato86's ghost hits you!
Ouch! That really hurt!
You die...

#....# #W# *
#..Z.# #.# *
....# #.# * *
...# #.# *
..# #.# #,
#.###.#.#...,
#.#......#.
#(#..........
,
#@W......##..
##c##.####
#.##.# *
#..#$# , ,
##.#.# * ,
*.... , , *
... , , * *
... , *


You could see a centaur, Fauxtato86's ghost and a bullfrog skeleton (wandering).

Vanquished Creatures
  A leopard gecko (D:1)
  A giant cockroach (D:3)
  2 goblins
  4 hobgoblins (D:1)
8 creatures vanquished.

Notes
Turn   | Place    | Note
-------+----------+-------------------------------------------
     0 | D:1      | letownia2 the Deep Dwarf Necromancer began the quest for the Orb.
     0 | D:1      | Reached XP level 1. HP: 15/15 MP: 3/3
   260 | D:2      | Found a hide-covered altar of Uskayaw.
   313 | D:2      | Reached XP level 2. HP: 22/22 MP: 1/5
   433 | D:4      | You fall through a shaft!
   433 | D:5      | Entered Level 5 of the Dungeon
   434 | D:5      | Noticed Fauxtato86's ghost (novice TrBe)
   444 | D:5      | Noticed a centaur
   455 | D:5      | Slain by Fauxtato86's ghost

Skill      XL: |  1 |
---------------+----+-----
Spellcasting   | 2 |  2.1
Dodging        | |  2.1
Stealth        | |  2.4
Necromancy     | |  4.7

Action                   || total
-------------------------++-------
 Cast: Pain              ||    18
Armor: Ring mail         ||     1
Dodge: Dodged            ||     7
